 Dungeon Crawl Stone Soup version 0.23-a0-87-g5f73bc1610 (webtiles) character file.

25 LLavrengius the Digger (level 3, -2/20 HPs)
             Began as a Gargoyle Earth Elementalist on Aug 14, 2018.
             Killed from afar by an orc wizard (7 damage)
             ... with a magic dart
             ... on level 2 of the Dungeon.
             The game lasted 00:02:41 (1032 turns).

LLavrengius the Digger (GrEE)                       Turns: 1032, Time: 00:02:42

Health: -2/20      AC:  5    Str: 11    XL:     3   Next: 6%
Magic:  0/6        EV: 12    Int: 16    God:
Gold:   49         SH:  0    Dex: 10    Spells: 5/6 levels left

rFire    . . .     SeeInvis .   a - +0 short sword
rCold    . . .     Gourm    .   (no shield)
rNeg     + . .     Faith    .   c - +0 robe
rPois    ∞         Spirit   .   (no helmet)
rElec    +         Reflect  .   (no cloak)
rCorr    .         Harm     .   (no gloves)
MR       .....                  (no boots)
Stlth    ++........             (no amulet)
HPRegen  0.06/turn              i - ring of flight
MPRegen  0.10/turn              (no ring)

@: no status effects
A: negative energy resistance 1, electricity resistance, unbreathing,
petrification resistance, rot immunity, AC +3
a: Evoke Flight


You were on level 2 of the Dungeon.
You were not hungry.

You visited 1 branch of the dungeon, and saw 2 of its levels.

You collected 49 gold pieces.

Inventory:

Hand Weapons
 a - a +0 short sword (weapon)
 g - a +0 hunting sling
Missiles
 b - 90 stones
 f - 28 bolts
 n - 6 javelins (quivered)
Armour
 c - a +0 robe (worn)
Jewellery
 i - a ring of flight (left hand)
Scrolls
 h - a scroll of magic mapping {unknown}
 k - a scroll of teleportation {unknown}
 l - a scroll of noise {unknown}
 m - 4 scrolls of identify {unknown}
 p - a scroll of enchant weapon {unknown}
Potions
 e - 2 potions of brilliance {unknown}
 j - 2 potions of lignification {unknown}
Comestibles
 d - 3 rations
 o - 3 chunks of flesh


   Skills:
 + Level 1.4 Fighting
 - Level 1.5 Dodging
 - Level 2.1 Stealth
 - Level 2.0 Spellcasting
   Level 0.7 Transmutations
 * Level 4.6 Earth Magic


You had 5 spell levels left.
You knew the following spells:

 Your Spells              Type           Power        Failure   Level  Hunger
a - Sandblast             Erth           ###...       3%          1    #......

Your spell library contained the following spells:

 Spells                   Type           Power        Failure   Level  Hunger
 Stone Arrow              Conj/Erth      #.....       24%         3    ###....
 Passwall                 Tmut/Erth      ##......     11%         2    ###....
 Lee's Rapid Deconstruct  Erth           ###.......   65%         5    ######.
 Petrify                  Tmut/Erth      ##......     56%         4    #####..


Dungeon Overview and Level Annotations

Branches:
Dungeon (2/15)

Altars:


Innate Abilities, Weirdness & Mutations

You are resistant to torment.
Your stone body is resilient. (AC +3)
You are immune to poison.
You resist negative energy. (rN+)
You are resistant to electric shocks. (rElec)
You can survive without breathing.
You are immune to petrification.
You are immune to rotting.


Message History

The orc wizard blinks!
Casting: Sandblast (safe; 3% risk of failure)
Confirm with . or Enter, or press ? or * to list all spells.
Aiming: Sandblast (safe; 3% risk of failure)
Press: ? - help, Shift-Dir - straight line, f/p - orc
Aim: an orc, wielding a whip and wearing a leather armour The blast of sand hits the orc.
You kill the orc!
b - 90 stones The orc wizard gestures wildly while chanting.
The orc wizard blinks!
The orc throws a tomahawk of returning.
The tomahawk of returning closely misses you.
The weapon returns to the orc!
The orc throws a tomahawk of returning.
The tomahawk of returning hits you but does no damage.
Items here: ( ) [ † a tomahawk of returning; a short sword; a leather armour; an orc corpse The orc wizard gestures at you while chanting.
The magic dart hits you!
You die...

# #.......####
#####...........
............###
#####.....<.#
#.........#
###.#.......#
...#.......## #####
###.###...########......
#.# ##..o....(@oo# #.#
#.########### ###.####.#
.........# ....######
#####


You could see an orc wizard and 2 orcs.

Vanquished Creatures
  An ooze (D:1)
  A dart slug (D:1)
  2 leopard geckos (D:1)
  2 orcs (D:2)
  A goblin (D:2)
  2 hobgoblins (D:1)
  2 bats
  2 frilled lizards
  2 kobolds (D:1)
  2 rats (D:1)
17 creatures vanquished.

Notes
Turn   | Place    | Note
-------+----------+-------------------------------------------
     0 | D:1      | LLavrengius the Gargoyle Earth Elementalist began the quest for the Orb.
     0 | D:1      | Reached XP level 1. HP: 10/10 MP: 3/3
    83 | D:1      | Reached skill level 4 in Earth Magic
    83 | D:1      | Reached XP level 2. HP: 6/16 MP: 3/5
   322 | D:1      | Reached skill level 1 in Fighting
  1028 | D:2      | Reached XP level 3. HP: 12/20 MP: 2/6
  1032 | D:2      | Killed from afar by an orc wizard

Vault maps used:
D:1:      tarquinn_simple_flora_water_a
D:2:      minmay_roachtagon, nicolae_gozag_zags_fifth_avenue

Skill      XL: |  1  2 |
---------------+-------+-----
Earth Magic    | 4 |  4.6
Fighting       | 1 |  1.4
Dodging        | |  1.5
Stealth        | |  2.1
Spellcasting   | |  2.0
Transmutations | |  0.7

Action                   || total
-------------------------++-------
Melee: Short sword       ||    43
 Cast: Sandblast         ||     7
 Stab: Sleeping          ||     3
Armor: Robe              ||    11
Dodge: Dodged            ||    24

Table legend:
 A = Non-vault XP
 B = Vault XP
 C = Vault XP percentage of total XP
 D = Non-vault monster count
 E = Vault monster count
 F = Vault count percentage of total count
 G = Total turns spent on level
                 A         B        C        D         E       F
            +---------+---------+-------+---------+---------+-------
      Total |      37 |       0 |   0.0 |      17 |       0 |   0.0
            +---------+---------+-------+---------+---------+-------
        D:1 |      27 |       0 |   0.0 |      12 |       0 |   0.0
        D:2 |      10 |       0 |   0.0 |       5 |       0 |   0.0
            +---------+---------+-------+---------+---------+-------
